 Dungeon Crawl Stone Soup version 0.18-a0-1805-g8ab820f (webtiles) character file.

417 varam the Changer (level 6, 0/52 HPs)
             Began as a Naga Transmuter on Apr 26, 2016.
             Slain by a centaur
             ... wielding a +0 flail
              (8 damage)
             ... on level 6 of the Dungeon.
             The game lasted 00:15:38 (8838 turns).

varam the Changer (Naga Transmuter)                 Turns: 8838, Time: 00:15:39

Health: 0/52       AC:  5    Str: 13    XL:     6   Next: 92%
Magic:  9/9        EV: 14    Int: 13    God:
Gold:   194        SH:  3    Dex: 13    Spells: 2 memorised, 3 levels left

rFire  + . .     SeeInvis +     l - +1 short sword
rCold  . . .     Gourm    .     b - +0 robe
rNeg   . . .     Faith    .     j - +0 buckler
rPois  +         Spirit   .     (no helmet)
rElec  .         Dismiss  .     (no cloak)
rCorr  .         Reflect  .     y - +1 pair of gloves
SustAt .         Harm     .     (no barding)
MR     .....                    (no amulet)
Stlth  +.........               F - +4 ring of evasion
                                q - ring of protection from fire

@: appendage (expiring), very slow, not resistant to hostile enchantments, very
unstealthy
A: horns 2, see invisible, deformed body, poison resistance, slowness 2, slow
metabolism 1, spit poison 2, AC +2
a: Spit Poison, End Transformation


You were on level 6 of the Dungeon.
You were not hungry.
You had grown temporary horns.
You visited 1 branch of the dungeon, and saw 5 of its levels.
You also visited: Ossuary.

You collected 194 gold pieces.

Inventory:

Hand Weapons
 l - a +1 short sword (weapon)
Missiles
 a - 33 arrows
Armour
 b - a +0 robe (worn)
 g - a +0 leather armour
 j - a +0 buckler (worn)
 y - a +1 pair of gloves (worn)
Jewellery
 q - a ring of protection from fire (left hand)
 F - a +4 ring of evasion (right hand)
Scrolls
 e - 3 scrolls of teleportation
 f - 2 scrolls of remove curse
 k - 2 scrolls of fear
 m - 2 scrolls of recharging
 o - 4 scrolls of amnesia
 p - a scroll of identify
 s - a scroll of random uselessness
 u - a scroll of vulnerability {unknown}
 v - 2 scrolls of magic mapping
Potions
 i - 2 potions of might {unknown}
 n - a potion of mutation {unknown}
 r - a potion of beneficial mutation {unknown}
 t - 4 potions of curing {unknown}
 w - a potion of lignification {unknown}
 x - a potion of invisibility {unknown}
 z - 3 potions of magic {unknown}
 A - a potion of cancellation {unknown}
 B - a potion of haste {unknown}
 C - a potion of ambrosia {unknown}
Books
 c - a book of Changes

   Spells                             Type                      Level
   a - Beastly Appendage              Transmutation                1
   b - Sticks to Snakes               Transmutation                2
   c - Spider Form                    Transmutation/Poison         3
   d - Ice Form                       Ice/Transmutation            4
   e - Blade Hands                    Transmutation                5
Comestibles
 d - a bread ration
 h - 2 slices of pizza
 E - 2 beef jerkies


   Skills:
 - Level 2.2 Fighting
 + Level 3.3 Dodging
 - Level 4.1 Unarmed Combat
 - Level 2.0 Spellcasting
 + Level 4.9 Transmutations


You had 3 spell levels left.
You knew the following spells:

 Your Spells              Type           Power        Failure   Level  Hunger
a - Beastly Appendage     Trmt           ##....       8%          1    ##.....
b - Blade Hands           Trmt           ##........   99%         5    ######.


Dungeon Overview and Level Annotations

Branches:
Dungeon (4/15)
 Temple: D:4-7

Altars:


Innate Abilities, Weirdness & Mutations

You cannot wear boots.
Your serpentine skin is tough (AC +2).
You have supernaturally acute eyesight.
Armour fits poorly on your strangely shaped body.
Your system is resistant to poisons.
You cover ground very slowly.
You have a slow metabolism.
You can spit poison.
You have a pair of horns on your head.


Message History

It stops flaming.
The centaur wields an uncursed flail.
The centaur misses you.
The centaur hits you but does no damage.
You hit the centaur.
The centaur is lightly wounded.
The centaur barely misses you.
You barely miss the centaur.
The centaur is lightly wounded.
The centaur closely misses you. The centaur misses you.
You barely miss the centaur.
The centaur is lightly wounded.
Your transformation is almost over.
The centaur barely misses you.
Your shield prevents you from hitting the centaur.
The centaur is lightly wounded.
The centaur closely misses you.
You hit the centaur but do no damage. You headbutt the centaur.
The centaur is heavily wounded.
You block the centaur's attack.
The centaur hits you with an uncursed flail!
You die...

##....
###.....##
<.h....#.#
#....(.#
##...#.#
#...#.#
##.##h# ##
#c# #@#
#(# #(#
#(# #(#
#.# #(#
#.# #.#


You could see a centaur and a hound.

Vanquished Creatures
  A crimson imp (D:6)
  A worker ant (D:6)
  14 mummies
  3 gnolls (D:6)
  3 adders
  An ooze (D:3)
  3 worms
  9 dart slugs
  2 giant geckos
  An orc (D:3)
  6 giant cockroaches
  11 goblins
  6 hobgoblins
  3 jackals (D:2)
  A quokka (D:2)
  2 ball pythons (D:3)
  9 bats
  3 giant newts
  A gnoll skeleton (Ossuary)
  6 goblin skeletons (Ossuary)
  A hobgoblin zombie (D:4)
  7 kobolds
  An orc skeleton (Ossuary)
  8 rats
  10 rat skeletons (Ossuary)
113 creatures vanquished.

Vanquished Creatures (others)
  A mummy (Ossuary)
  A kobold (D:1)
  A rat skeleton (Ossuary)
3 creatures vanquished.

Grand Total: 116 creatures vanquished

Notes
Turn   | Place    | Note
--------------------------------------------------------------
     0 | D:1      | varam the Naga Transmuter began the quest for the Orb.
     0 | D:1      | Reached XP level 1. HP: 18/18 MP: 3/3
   110 | D:1      | Reached XP level 2. HP: 10/25 MP: 5/5
  1038 | D:1      | Reached XP level 3. HP: 22/31 MP: 4/6
  2240 | D:2      | Reached XP level 4. HP: 39/39 MP: 4/7
  3651 | D:3      | Reached XP level 5. HP: 42/45 MP: 6/8
  3658 | D:3      | Learned a level 5 spell: Blade Hands
  3825 | D:3      | Found a faded altar to an unknown god.
  4187 | D:4      | Found a sand-covered staircase.
  4211 | Ossuary  | Entered an ossuary
  4450 | Ossuary  | HP: 1/45 [mummy (17)]
  6051 | Ossuary  | Reached XP level 6. HP: 38/52 MP: 7/9
  7868 | D:4      | You fall through a shaft for 2 floors!
  8838 | D:6      | Slain by a centaur

Vault maps used:
D:1:      shiori_arrival_oz
D:2:      minmay_unequal
D:3:      kennysheep_slugbush, ecumenical_altar_2
D:4:      nicolae_ossuary_entry_giza, serial_undead, serial_undead_e,
          serial_undead_c, serial_undead_d, serial_undead_a, serial_undead_e,
          first_bread
D:6:      forest_paths, nicolae_for_you_no_charge, uniq_menkaure
Ossuary:  ossuary_due_small_catacomb

Skill      XL: |  1  2  3  4  5  6 |
---------------+-------------------+-----
Fighting       | 2 |  2.2
Transmutations | 3 4 |  4.9
Unarmed Combat | 4 |  4.1
Dodging        | 2 3 |  3.3
Spellcasting   | |  2.0

Action                   |  1- 3 |  4- 6 || total
-------------------------+-------+-------++-------
Melee: Unarmed           |    46 |       ||    46
       Short sword       |    82 |   373 ||   455
       Headbutt          |    11 |    65 ||    76
 Cast: Beastly Appendage |    20 |    53 ||    73
  Use: Scroll            |       |     9 ||     9
 Stab: Sleeping          |       |     3 ||     3
  Eat: Chunk             |     3 |     2 ||     5
       Bread ration      |       |     1 ||     1
       Fruit             |       |     1 ||     1
       Meat ration       |       |     2 ||     2
Armor: Robe              |    26 |    86 ||   112
Dodge: Dodged            |    74 |   152 ||   226
Block: Buckler           |    12 |    52 ||    64
